 Dungeon Crawl Stone Soup version 0.28.0-53-g5a82cb258f (webtiles) character file.

Game seed: 6236952508216375268

905 Tirrikindir the Slasher (level 8, -3/54 HPs)
             Began as an Octopode Fighter on Aug 10, 2022.
             Was a Follower of Ashenzari.
             Slain by a wight
             ... wielding a +0 trident
              (8 damage)
             ... on level 6 of the Dungeon.
             The game lasted 00:13:46 (5190 turns).

Tirrikindir the Slasher (Octopode Fighter)          Turns: 5190, Time: 00:13:47

Health: -3/54      AC:  1    Str: 17    XL:     8   Next: 8%
Magic:  8/8        EV: 14    Int: 11    God:    Ashenzari [*.....]
Gold:   293        SH:  5    Dex: 13    Spells: 7/7 levels left

rFire   + . .      SeeInvis .   a - +0 long sword
rCold   + . .      Faith    .   b - +0 buckler
rNeg    . . .      Spirit   .   (helmet restricted)
rPois   +          Reflect  .   (no amulet)
rElec   +          Harm     .   d - ring of Ashenzari's Affliction {rCorr, Comp, Cun} (curse)
rCorr   +          Rampage  .   f - ring of the Cosmic Doubts {Fly, Comp, Fort} (curse)
Will    .....                   (no ring)
Stlth   ++++......              (no ring)
HPRegen 0.18/turn               (no ring)
MPRegen 0.11/turn               (no ring)
                                (no ring)
                                (no ring)

@: resistant, flying
A: almost no armour, amphibious, 8 rings, camouflage 1, gelatinous body 1,
(nimble swimmer 1), tentacles, strong 1
a: Renounce Religion, Curse Item, Shatter the Chains


You were on level 6 of the Dungeon.
You worshipped Ashenzari.
Ashenzari was aware of your devotion.
You visited 2 branches of the dungeon, and saw 7 of its levels.

You collected 293 gold pieces.

Inventory:

Hand Weapons
 a - a +0 long sword (weapon)
Missiles
 e - 5 poisoned darts (quivered)
Armour
 b - a +0 buckler (worn)
Jewellery
 d - the cursed ring of Ashenzari's Affliction (left tentacle) {rCorr, Comp, Cun}
   (You found it on level 2 of the Dungeon)

   [ring of resist corrosion]

   rCorr:     It protects you from acid and corrosion.
   It has a curse which improves the following skills: Companions: Summonings
   and Necromancy.
   Cunning:   Dodging and Stealth.
 f - the cursed ring of the Cosmic Doubts (right tentacle) {Fly, Comp, Fort}
   (You found it on level 3 of the Dungeon)

   [ring of flight]

   Fly:       It grants you flight.
   It has a curse which improves the following skills: Companions: Summonings
   and Necromancy.
   Fortitude: Shields.
 h - a ring of fire
Wands
 n - a wand of flame (18)
 s - a wand of paralysis (8)
 u - a wand of iceblast (3)
Scrolls
 g - a scroll of summoning
 i - 3 scrolls of identify
 j - a scroll of vulnerability
 m - a scroll of enchant weapon
 q - 3 scrolls of teleportation
 r - a scroll of immolation
Potions
 o - a potion of degeneration


   Skills:
 - Level 4.0 Fighting
 * Level 6.5 Long Blades
 - Level 3.8(4.6) Dodging
 - Level 5.2(6.0) Stealth
 - Level 3.5(4.3) Shields
 + Level 3.0 Evocations


You had 7 spell levels left.
You didn't know any spells.
Your spell library contained the following spells:

 Spells                   Type           Power      Damage    Failure   Level
 Animate Skeleton         Necr           0%         N/A       41%         1
 Apportation              Tloc           0%         N/A       41%         1
 Foxfire                  Conj/Fire      0%         2x1d4     41%         1
 Summon Small Mammal      Summ           0%         N/A       41%         1
 Conjure Flame            Conj/Fire      0%         6-21      80%         3
 Ignite Poison            Fire/Tmut/Pois 0%         N/A       80%         3
 Inner Flame              Hex/Fire       0%         N/A       80%         3
 Mephitic Cloud           Conj/Pois/Air  0%         N/A       80%         3
 Flame Wave               Conj/Fire      0%         2d4       99%         4
 Alistair's Intoxication  Tmut/Pois      0%         N/A       100%        5
 Borgnjor's Vile Clutch   Necr/Erth      0%         N/A       100%        5
 Freezing Cloud           Conj/Ice/Air   0%         6-21      100%        5
 Eringya's Noxious Bog    Tmut/Pois      0%         N/A       100%        6


Dungeon Overview and Level Annotations

Branches:
Dungeon (6/15)             Temple (1/1) D:6

Altars:
Ashenzari
Kikubaaqudgha
Nemelex Xobeh
Okawaru
Yredelemnul

Annotations:
D:6 Dowan, Duvessa


Innate Abilities, Weirdness & Mutations

You cannot wear most types of armour.
You are amphibious.
You can wear up to eight rings at the same time.
Your skin changes colour to match your surroundings (Stealth+).
Your rubbery body absorbs attacks. (AC +1, EV +1)
((You are camouflaged when in or above water. (Stealth+)))
You have tentacles for arms and can constrict up to eight enemies at once.
Your muscles are strong. (Str +2)


Message History

The orc wizard is heavily wounded.
The orc wizard hits you with a +0 dagger.
* * * LOW HITPOINT WARNING * * *
The orc wizard barely misses you.
You're too confused to move!
The orc wizard hits you but does no damage.
You completely miss the orc wizard.
The orc wizard is heavily wounded.
The orc wizard points at you and mumbles some strange words.
You are more confused.
You bump into the rock wall.
The orc wizard hits you but does no damage.
You bump into the rock wall.
The orc wizard closely misses you.
You barely miss the orc wizard. You squeeze the orc wizard!
You kill the orc wizard!
The centaur skeleton closely misses you.
The centaur skeleton kicks you.
* * * LOW HITPOINT WARNING * * *
You hit the centaur skeleton.
The centaur skeleton is severely damaged.
The centaur skeleton hits you.
* * * LOW HITPOINT WARNING * * *
The centaur skeleton closely misses you.
You bump into the rock wall.
You feel a little less mighty now. The centaur skeleton barely misses you.
The centaur skeleton closely misses you.
You slash the centaur skeleton!
You destroy the centaur skeleton!
Your Evocations skill increases to level 3!
Things that are here:
a +0 dagger; a +1 robe of fire resistance; an orc corpse You feel less confused.
You start resting.
A wight is nearby!
You catch the helpless wight completely off-guard!
You hit the wight. Your grab misses the wight. You tentacle-slap the wight.
The wight is moderately damaged.
The wight hits you with a +0 trident!
You die...

......... #...
........####### #...
........o).o..## .
#...
.........####..######.
..#...
#.....##....##........
...... ###..
####..........# ......
... #..#####.... ....#
... ###.### #.. ...##
.. #.#.#@# # ..##. .
#.#)#z# . #.{
..#.#.#.# e.o.....#
...#.#.#.#.# ..(...8..
......# #.#.#.#
...>....# ##...#
#.#.#.# .(...##.. #.#.
#.#.#.#..... ##. #.#
#.#.#.#### # #.#.


You could see a wight.

Vanquished Creatures
  A bullfrog (D:6)
  A scorpion (D:5)
  A water moccasin zombie (D:5)
  A water moccasin skeleton (D:5)
  A wight (D:6)
  A bullfrog zombie (D:3)
  2 orc priests
  2 centaur skeletons
  An iguana (D:6)
  Terence (D:2)
  8 orc wizards
  8 adders
  4 gnolls (D:4)
  A shadow imp (D:4)
  2 white imps
  An ufetubus (D:4)
  2 dart slugs
  11 orcs
  5 endoplasms
  5 goblins
  3 hobgoblins
  14 jackals (D:3)
  A quokka (D:4)
  7 ball pythons
  7 bats
  5 kobolds
  5 rats
101 creatures vanquished.

Vanquished Creatures (others)
  An orc wizard (D:6)
1 creature vanquished.

Grand Total: 102 creatures vanquished

Notes
Turn   | Place    | Note
-------+----------+-------------------------------------------
     0 | D:1      | Tirrikindir the Octopode Fighter began the quest for the
                  | Orb.
     0 | D:1      | Reached XP level 1. HP: 16/16 MP: 1/1
   135 | D:1      | Reached XP level 2. HP: 16/21 MP: 2/2
   545 | D:1      | Found a faded altar of an unknown god.
   564 | D:1      | Reached skill level 1 in Stealth
   686 | D:1      | You fall into a shaft and drop 1 floor!
   693 | D:2      | Reached XP level 3. HP: 19/26 MP: 3/3
   794 | D:2      | Gained mutation: Your magical capacity is low. (-10% MP)
                  | [potion of mutation]
   794 | D:2      | Gained mutation: Your spells are a little easier to cast,
                  | but a little less powerful. [potion of mutation]
   795 | D:2      | Lost mutation: Your magical capacity is low. (-10% MP)
                  | [potion of mutation]
   795 | D:2      | Lost mutation: Your spells are a little easier to cast, but
                  | a little less powerful. [potion of mutation]
   795 | D:2      | Gained mutation: Your muscles are strong. (Str +2) [potion
                  | of mutation]
  1027 | D:2      | Noticed Terence
  1047 | D:2      | Killed Terence
  1048 | D:2      | Reached XP level 4. HP: 6/31 MP: 4/4
  1619 | D:2      | Reached skill level 3 in Long Blades
  1748 | D:3      | Found a basalt altar of Yredelemnul.
  1754 | D:3      | Found a broken altar of Ashenzari.
  1755 | D:3      | Found a sparkling altar of Nemelex Xobeh.
  1759 | D:3      | Became a worshipper of Ashenzari the Shackled
  2101 | D:3      | Reached XP level 5. HP: 36/36 MP: 5/5
  2846 | D:4      | Reached XP level 6. HP: 42/43 MP: 6/6
  2934 | D:4      | Found an ancient bone altar of Kikubaaqudgha.
  2950 | D:4      | Reached * piety under Ashenzari
  2961 | D:4      | Reached skill level 4 in Long Blades
  3491 | D:5      | Entered Level 5 of the Dungeon
  4023 | D:5      | Reached skill level 5 in Long Blades
  4023 | D:5      | Reached XP level 7. HP: 33/48 MP: 7/7
  4259 | D:5      | Reached skill level 1 in Evocations
  4425 | D:6      | Found an iron altar of Okawaru.
  4457 | D:6      | Reached skill level 5 in Stealth
  4636 | D:6      | Found a staircase to the Ecumenical Temple.
  4666 | D:6      | Noticed Duvessa
  4686 | D:6      | Noticed Dowan
  4695 | Temple   | Entered the Ecumenical Temple
  5139 | D:6      | Reached skill level 6 in Long Blades
  5149 | D:6      | Reached XP level 8. HP: 43/54 MP: 8/8
  5190 | D:6      | Slain by a wight

Illustrated notes

Levels and vault maps discovered:
D:1:      dpeg_arrival_castle, layout_loops_cross,
          shapermc_ecumenical_altar_totnotflames
D:2:      layout_rooms, chequers_decorated_corner, uniq_terence
D:3:      layout_loops_corners, minitemple
D:4:      layout_basic, mainiacjoe_overflow_chevrons, roderic_roman_lattice
D:5:      nicolae_cairo_tiling_very_big, layout_cave_pools
D:6:      layout_rooms, okawaru_metal_pillars_1_2, minmay_temple_entry_waves,
          minivault_23, uniq_duvessa
Temple:   eino_temple_water

Skill      XL: |  1  2  3  4  5  6  7  8 |
---------------+-------------------------+-----
Stealth        | 1 2 3 4 5 |  5.2
Long Blades    | 3 5 6 |  6.5
Fighting       | 4 |  4.0
Evocations     | 2 3 |  3.0
Dodging        | |  3.8
Shields        | |  3.5

Action                   |  1- 3 |  4- 6 |  7- 9 || total
-------------------------+-------+-------+-------++-------
Melee: Long sword        |    47 |   113 |    67 ||   227
       Constrict         |    11 |    39 |    13 ||    63
       Tentacles         |     9 |    25 |    12 ||    46
       Punch             |       |     2 |     1 ||     3
Throw: Dart              |       |    10 |     2 ||    12
Invok: Curse Item        |       |     2 |       ||     2
Evoke: Wand              |       |       |     2 ||     2
  Use: Scroll            |     4 |     1 |     1 ||     6
       Potion            |     4 |     2 |     4 ||    10
 Stab: Sleeping          |     4 |    17 |     2 ||    23
       Distracted        |       |       |     1 ||     1
Armor: Skin              |    11 |     3 |     4 ||    18
Dodge: Dodged            |    15 |    64 |    43 ||   122
Block: Buckler           |     9 |    13 |    10 ||    32
